[Event "70th RUS-ch Women Higher League 2020"]
[Site "Sochi"]
[Date "2020.10.16"]
[Round "8.17"]
[White "Kochukova, Anna"]
[Black "Salakhova, Adelya"]
[Result "1-0"]
[ECO "B07"]
[WhiteElo "2093"]
[BlackElo "1885"]
[Annotator "NA"]
[PlyCount "161"]
[EventDate "2020.10.08"]
[EventType "swiss"]
[EventCountry "RUS"]
[SourceTitle "playchess.com"]
[Source "ChessBase"]
[SourceQuality "1"]
[TimeControl "40/5400+30:1800+30"]

1. e4 d6 2. d4 Nf6 3. Nc3 Nbd7 4. Be3 c6 5. f3 b5 6. Qd2 Bb7 7. Nge2 Nb6 8. b3 g6 9. Ng3 Bg7 $14 10. Bh6 O-O 11. h4 Bh8 12. Bxf8 Qxf8 13. h5 b4 14. Nce2 c5 15. hxg6 hxg6 16. Rd1 Bg7 17. dxc5 dxc5 18. Qg5 Qc8 19. Nf4 c4 20. Be2 cxb3 21. cxb3 Qc3+ 22. Kf1 Qc2 23. Nd3 Qxa2 24. Qc5 Qxb3 25. Qxe7 Ba6 26. Qxb4 Qe6 27. Nf4 Bxe2+ 28. Ngxe2 Qa2 29. Qe7 Re8 30. Qc7 Nc4 31. Kf2 Ne5 32. Rd8 Qa4 33. Rhd1 g5 34. Nh5 Nxh5 35. Rxe8+ Kh7 36. Red8 Qa2 37. Rh1 Kg6 38. Qd6+ f6 39. Qd5 Qb2 40. Qd4 Qc2 41. Qd2 Qc5+ 42. Qe3 Qa5 43. Rd5 Qa2 44. Rhd1 Nc4 45. Qc3 Bf8 46. Ra1 Qb2 47. Qxb2 Nxb2 48. Ke3 a5 49. Kd4 a4 50. Kc3 a3 51. Kb3 Ng7 52. Nd4 Nd3 53. Nb5 Nc5+ 54. Kc4 Nge6 55. Nxa3 Na4 56. Ra5 Nec5 57. Nc2 Nb2+ 58. Kc3 Nbd3 59. Ne3 Nf4 60. R1a2 Ncd3 61. Nd5 Bd6 62. Nxf4+ Nxf4 63. Rd2 Bc7 64. Rb5 g4 65. Ra2 gxf3 66. gxf3 Be5+ 67. Kd2 Kg5 68. Ke3 Kh4 69. Raa5 Ng6 70. Rxe5 fxe5 71. Rb5 Kg3 72. Ra5 Kh4 73. Ra6 Kg5 74. Re6 Kh5 75. Rf6 Nh4 76. Re6 Ng6 77. Kf2 Kg5 78. Kg3 Kh5 79. Rf6 Nh4 80. f4 exf4+ 81. Kxf4 1-0

[Event "70th RUS-ch Women Higher League 2020"]
[Site "Sochi"]
[Date "2020.10.16"]
[Round "8.18"]
[White "Makarova, Olga"]
[Black "Berezina, Mariya"]
[Result "1/2-1/2"]
[ECO "A14"]
[WhiteElo "1875"]
[BlackElo "1982"]
[Annotator "ChessBase"]
[PlyCount "80"]
[EventDate "2020.10.08"]
[EventType "swiss"]
[EventCountry "RUS"]
[SourceTitle "playchess.com"]
[Source "ChessBase"]
[SourceQuality "1"]
[TimeControl "40/5400+30:1800+30"]

1. c4 e6 2. Nf3 d5 3. g3 Nf6 4. Bg2 Be7 5. O-O O-O 6. d4 dxc4 7. Ne5 Nc6 8. Bxc6 bxc6 9. Nxc6 Qe8 10. Nxe7+ Qxe7 11. Qa4 e5 12. dxe5 Qxe5 13. Nc3 Ne4 14. Qxc4 Nxc3 15. bxc3 Be6 16. Bf4 Bxc4 17. Bxe5 Rfe8 18. Bxc7 Rxe2 19. a4 Rc8 20. Bf4 f6 21. Rfe1 Rxe1+ 22. Rxe1 Bb3 23. a5 Rxc3 24. Rc1 Rxc1+ 25. Bxc1 a6 26. f4 f5 27. Kf2 g6 28. Ke3 Bc4 29. Kd4 Bb5 30. Ke5 Kf7 31. Ba3 h5 32. h3 Bf1 33. h4 Bb5 34. Bd6 Bf1 35. Bc7 Bb5 36. Bd8 Be2 37. Bb6 Bb5 38. Kd6 Be2 39. Bd8 Bb5 40. Ke5 Be2 1/2-1/2

[Event "70th RUS-ch Women Higher League 2020"]
[Site "Sochi"]
[Date "2020.10.17"]
[Round "9.12"]
[White "Bykova, Anastasia"]
[Black "Nasyrova, Ekaterina"]
[Result "0-1"]
[ECO "C65"]
[WhiteElo "2215"]
[BlackElo "2171"]
[Annotator "ChessBase"]
[PlyCount "106"]
[EventDate "2020.10.08"]
[EventType "swiss"]
[EventCountry "RUS"]
[SourceTitle "playchess.com"]
[Source "ChessBase"]
[SourceQuality "1"]
[TimeControl "40/5400+30:1800+30"]

1. e4 e5 2. Nf3 Nc6 3. Bb5 Nf6 4. d3 Bc5 5. c3 O-O 6. O-O d6 7. Bg5 Bb6 8. a4 a6 9. Bxc6 bxc6 10. a5 Ba7 11. Nbd2 h6 12. Bh4 Qe7 13. Re1 Qe6 14. d4 Nd7 15. Qa4 Bb7 16. b4 Rae8 17. Bg3 f5 18. exf5 Qxf5 19. Qa2+ Kh7 20. Nh4 Qh5 21. Qc2+ Kg8 22. Qd3 Rf6 23. Nhf3 exd4 24. cxd4 Rxe1+ 25. Rxe1 Qd5 26. Re7 Rf7 27. Re8+ Nf8 28. Qc3 Rf6 29. Re4 Re6 30. Rg4 Nd7 31. Qc2 Nf6 32. Rf4 Qb5 33. Qg6 Qh5 34. Qb1 Qe8 35. h3 Nd5 36. Rg4 Bc8 37. Kh2 Qf7 38. Qb3 Nf6 39. Rf4 Re7 40. Qc2 Qe8 41. Bh4 Nd5 42. Bxe7 Nxf4 43. Bh4 Qg6 44. Qc4+ Be6 45. Qf1 Qd3 46. Qc1 Bd5 47. Bd8 Ne6 48. Qe1 Bxd4 49. Bxc7 Nxc7 50. Qe7 Ne6 51. Qxd6 Bxf2 52. b5 Qxb5 53. Ne4 Be3 0-1

[Event "70th RUS-ch Women Higher League 2020"]
[Site "Sochi"]
[Date "2020.10.17"]
[Round "9.15"]
[White "Miroshnik, Ekaterina"]
[Black "Mukhina, Jana"]
[Result "1-0"]
[ECO "A48"]
[WhiteElo "2104"]
[BlackElo "2025"]
[Annotator "NA"]
[PlyCount "87"]
[EventDate "2020.10.08"]
[EventType "swiss"]
[EventCountry "RUS"]
[SourceTitle "playchess.com"]
[Source "ChessBase"]
[SourceQuality "1"]
[TimeControl "40/5400+30:1800+30"]

1. d4 Nf6 2. Nf3 g6 3. c3 Bg7 4. Bg5 Ne4 5. Bf4 O-O 6. e3 {[%emt 0:01:27] A48: 1 d4 Nf6 2 Nf3 g6: Torre, London and Colle Systems.} b6 {[%emt 0:02:53] [#]} 7. Bd3 $146 ({Predecessor:} 7. Nbd2 Bb7 8. Nxe4 Bxe4 9. Bd3 Bxd3 10. Qxd3 d6 11. O-O Nd7 12. Rad1 Re8 13. Qb5 {½-½ (22) Romero Perera,E (2113)-Valls Marti,A (2163) Barcelona 2011}) 7... Bb7 8. O-O d6 9. h3 Nd7 10. Qc2 Nef6 11. e4 Nh5 12. Bh2 e5 13. Nbd2 Qe7 14. Rfe1 Rae8 15. a4 Qd8 16. a5 Nf4 17. Bf1 g5 {[%emt 0:07:53] [#]} (17... Bh6 $14) 18. axb6 $1 axb6 {[%emt 0:00:22] [#]} 19. Ra7 $1 Qb8 20. Ra3 (20. Rea1 $142) 20... Qd8 21. Bb5 c6 22. Bf1 h5 (22... b5 $14) 23. Nc4 Re6 {[%emt 0:01:02] [#]} 24. dxe5 (24. Ne3 $1 $18) 24... dxe5 $18 (24... Nxe5 $16 {was worth a try.} 25. Nfxe5 dxe5) 25. Rd1 Qe7 26. Ra7 Rb8 27. Ne3 Nf8 28. Ba6 g4 29. hxg4 hxg4 30. Ne1 Qc7 31. Nxg4 Rg6 32. Ne3 Qc8 33. Bxb7 Rxb7 34. Rxb7 Qxb7 35. Bxf4 exf4 36. Nf5 Ne6 37. Nf3 c5 38. Qe2 Ng5 39. Nxg5 Rxg5 40. Rd8+ Kh7 41. Qf3 Qc7 42. Qh3+ Kg6 43. Rg8 Kf6 44. Nxg7 1-0

[Event "70th RUS-ch Women Higher League 2020"]
[Site "Sochi"]
[Date "2020.10.17"]
[Round "9.18"]
[White "Salakhova, Adelya"]
[Black "Mironenko, Galina"]
[Result "1/2-1/2"]
[ECO "A80"]
[WhiteElo "1885"]
[BlackElo "2061"]
[Annotator "ChessBase"]
[PlyCount "136"]
[EventDate "2020.10.08"]
[EventType "swiss"]
[EventCountry "RUS"]
[SourceTitle "playchess.com"]
[Source "ChessBase"]
[SourceQuality "1"]
[TimeControl "40/5400+30:1800+30"]

1. d4 f5 2. Nf3 Nf6 3. g3 g6 4. Bg2 Bg7 5. O-O O-O 6. b3 d6 7. Bb2 c6 8. c4 Qe8 9. Nbd2 Ne4 10. Nxe4 fxe4 11. Ng5 d5 12. f3 h6 13. Nh3 exf3 14. exf3 dxc4 15. bxc4 c5 16. Qd2 Nc6 17. dxc5 Bxh3 18. Bxh3 Rd8 19. Be6+ Kh7 20. Qg2 Nd4 21. Bd5 e6 22. Bxb7 Qe7 23. Be4 Qxc5 24. Kh1 Rb8 25. Bxd4 Bxd4 26. Qc2 Bxa1 27. Rxa1 Rf6 28. Rd1 Qc7 29. c5 Rd8 30. Rb1 Rb8 31. c6 Rxb1+ 32. Qxb1 e5 33. Qc2 Kg7 34. Qc5 h5 35. a4 a5 36. Kg2 Re6 37. Kf2 Re7 38. Ke3 Kf6 39. Kd3 Re8 40. Kc3 Rd8 41. h3 Kg7 42. g4 hxg4 43. hxg4 Kf6 44. Bd5 Rb8 45. Bc4 Rd8 46. Bd5 Rb8 47. Be4 Rd8 48. Bc2 Rc8 49. g5+ Kxg5 50. Qg1+ Kf6 51. Qxg6+ Ke7 52. Qg7+ Kd6 53. Qf6+ Kc5 54. Be4 Qd6 55. Qh4 Qd4+ 56. Kc2 Qxa4+ 57. Kd2 Qd4+ 58. Ke2 Qc4+ 59. Kf2 Qd4+ 60. Ke2 Rc7 61. Qh6 Qb2+ 62. Kf1 Qb5+ 63. Kf2 Qb6 64. Qe3+ Kb5 65. Bd3+ Kxc6 66. Be4+ Kb5 67. Bd3+ Kc6 68. Be4+ Kb5 1/2-1/2